 Dungeon Crawl Stone Soup version 0.31.0-12-g77e489cdc1 (webtiles) character file.

Game seed: 8045552789959179115

318 Gadfly the Sneak (level 6, 0/30 HPs)
             Began as a Spriggan Enchanter on Feb 19, 2024.
             Was an Initiate of Gozag.
             Slain by a mummy (1 damage)
             ... in an ossuary.
             The game lasted 00:07:15 (5406 turns).

Gadfly the Sneak (Spriggan Enchanter)               Turns: 5406, Time: 00:07:16

Health: 0/30       AC:  2    Str:  4    XL:     6   Next: 21%
Magic:  9/12       EV: 18    Int: 17    God:    Gozag
Gold:   349        SH:  5    Dex: 17    Spells: 7/12 levels left

rFire   . . .        b - +2 short sword (drain)
rCold   . . .        (no shield)
rNeg    . . .        p - +0 robe
rPois   .            (helmet restricted)
rElec   .            (no cloak)
rCorr   .            (gloves unavailable)
SInv    +            (boots unavailable)
Will    +....        k - amulet of reflection
Stlth   +++          f - ring of wizardry
HPRegen 0.25/turn    (no ring)
MPRegen 0.13/turn

%: reflection, wizardry (x1)
@: very quick
A: very small, no large weapons, unfitting armour, see invisible, speed 3
a: Renounce Religion, Potion Petition, Call Merchant, Bribe Branch


You were in an ossuary.
You worshipped Gozag.
Gozag was aware of your devotion.
You visited 1 branch of the dungeon, and saw 5 of its levels.
You also visited: Ossuary.

You collected 386 gold pieces.
You paid 37 gold pieces to Gozag.

Inventory:

Hand Weapons
 a - a +1 dagger
 b - a +2 short sword of draining (weapon)
Armour
 p - a +0 robe (worn)
Jewellery
 f - a ring of wizardry (left hand)
 k - an amulet of reflection (around neck)
Scrolls
 h - a scroll of blinking
Potions
 c - 3 potions of invisibility
 d - a potion of haste
 g - a potion of berserk rage
 i - a potion of curing
 j - a potion of enlightenment
 n - a potion of resistance
 o - a potion of brilliance {unknown}


   Skills:
 + Level 1.6 Fighting
 + Level 3.0 Short Blades
 + Level 4.1 Dodging
 + Level 5.5 Stealth
 + Level 3.8 Spellcasting
 + Level 4.6 Hexes
 + Level 2.5 Evocations


You had 7 spell levels left.
You knew the following spells:

 Your Spells              Type           Power      Damage    Failure   Level
a - Ensorcelled Hibernat  Hex/Ice        22%        N/A       4%          2
b - Confusing Touch       Hex            18%        N/A       2%          3

Your spell library contained the following spells:

 Spells                   Type           Power      Damage    Failure   Level
 Tukima's Dance           Hex            18%        N/A       2%          3
 Dazzling Flash           Conj/Hex       22%        N/A       8%          3
 Mephitic Cloud           Conj/Alch/Air  3%         N/A       19%         3
 Passwall                 Erth           3%         N/A       19%         3
 Swiftness                Air            3%         N/A       19%         3
 Silence                  Hex/Air        5%         N/A       52%         5
 Curse of Agony           Necr           3%         N/A       85%         5


Dungeon Overview and Level Annotations

Branches:
Dungeon (5/15)            Ossuary (1/1)
 Temple: D:4-7

Altars:
Fedhas
Gozag
Kikubaaqudgha
Ru
Sif Muna
Zin

Shops:
D:4 *


Innate Abilities, Weirdness & Mutations

You are very small and have problems with some larger weapons.
You are too small for most types of armour.
You have supernaturally acute eyesight. (SInv)
You cover ground extremely quickly. (Speed+++)


Message History

You see here 4 gold pieces.
You now have 335 gold pieces (gained 4).
You see here 9 gold pieces.
You now have 344 gold pieces (gained 9).
You hit the orc zombie.
The orc zombie is heavily damaged.
Casting: Confusing Touch (dangerous; 3% risk of failure)
Confirm with . or Enter, or press ? or * to list all spells.
Your hands begin to glow red.
You hit the orc zombie but do no damage.
The orc zombie is heavily damaged.
You block the orc zombie's attack.
You hit the orc zombie but do no damage.
The orc zombie appears confused.
The orc zombie is heavily damaged.
You catch the helpless orc zombie completely off-guard!
You puncture the orc zombie!
You destroy the orc zombie!
You now have 349 gold pieces (gained 5).
Magic restored. 2 mummies come into view.
You barely miss the mummy. You hit the mummy.
The mummy is lightly damaged.
The mummy barely misses you. x2
You hit the mummy.
The mummy is moderately damaged.
Casting: Confusing Touch (dangerous; 2% risk of failure)
Confirm with . or Enter, or press ? or * to list all spells.
Your hands begin to glow red.
The mummy barely misses you. The mummy hits you!
You hit the mummy but do no damage.
The mummy appears confused.
The mummy is moderately damaged.
You hit the mummy.
The mummy is heavily damaged.
The mummy hits you!!
Ouch! That really hurt!
* * * LOW HITPOINT WARNING * * *
The mummy hits you.
You die...
Your body crumbles into a pile of gold.

.# .M #### ...
... ##..## .....
...##....##M....
................
...............
......MM......#
#....@...#
##......##
##....## #....#
#....# #....#
#....# #....#
#....#


You could see 3 mummies.

Vanquished Creatures
  A water moccasin (D:5)
  A howler monkey (D:4)
  A bombardier beetle (D:5)
  2 mummies (Ossuary)
  4 adders
  A ribbon worm (D:2)
  3 dart slugs
  3 orcs
  4 endoplasms
  4 giant cockroaches
  9 hobgoblins
  3 jackals (D:1)
  5 quokkas
  6 ball pythons
  6 bats
  2 frilled lizards
  5 goblins
  2 hobgoblin zombies (Ossuary)
  9 kobolds
  A kobold zombie (Ossuary)
  5 orc zombies (Ossuary)
  8 rats
85 creatures vanquished.

Notes
Turn   | Place    | Note
-------+----------+-------------------------------------------
     0 | D:1      | Gadfly the Spriggan Enchanter began the quest for the Orb.
     0 | D:1      | Reached XP level 1. HP: 9/9 MP: 5/5
   163 | D:1      | Reached XP level 2. HP: 14/14 MP: 6/6
   166 | D:1      | Learned a level 2 spell: Ensorcelled Hibernation
   799 | D:1      | Reached skill level 1 in Evocations
   910 | D:1      | Reached XP level 3. HP: 17/17 MP: 5/8
  1288 | D:2      | Learned a level 3 spell: Confusing Touch
  1393 | D:2      | Reached skill level 1 in Fighting
  1775 | D:2      | Reached XP level 4. HP: 20/22 MP: 7/9
  2514 | D:3      | Found an ancient bone altar of Kikubaaqudgha.
  3230 | D:3      | Found a glowing silver altar of Zin.
  3246 | D:3      | Found an opulent altar of Gozag.
  3425 | D:3      | Became a worshipper of Gozag Ym Sagoz the Greedy
  3563 | D:4      | Reached skill level 5 in Stealth
  3798 | D:4      | Reached XP level 5. HP: 20/25 MP: 4/11
  3927 | D:4      | Found Toutwono's Gadget Gallery.
  4285 | D:4      | Found a sacrificial altar of Ru.
  4544 | D:4      | Found a blossoming altar of Fedhas.
  4594 | D:4      | Found a shimmering blue altar of Sif Muna.
  5001 | D:5      | Entered Level 5 of the Dungeon
  5058 | D:5      | Noticed a water moccasin
  5071 | D:5      | Killed a water moccasin
  5074 | D:5      | Reached XP level 6. HP: 14/30 MP: 4/12
  5130 | D:5      | Found a sand-covered staircase.
  5134 | Ossuary  | Entered an ossuary
  5406 | Ossuary  | HP: 1/30 [mummy (18)]
  5406 | Ossuary  | Slain by a mummy

Illustrated notes

Levels and vault maps discovered:
D:1:      tarquinn_simple_flora_water_c, layout_loops_corners
D:2:      wad_pebble_path, layout_basic, chequers_serial_rivers_room_a
D:3:      layout_basic, grunt_gozag_breadcrumbs,
          mainiacjoe_overflow_surrounded_room, mainiacjoe_overflow_24_doors
D:4:      layout_layer_cave, nicolae_ru_sacrificial_ziggurat,
          general_overflow_altar, nicolae_sif_muna_little_library,
          minmay_misc_feat_nine_boxes, nicolae_shop_gadgets
D:5:      layout_basic, nicolae_ossuary_entry_plus
Ossuary:  ossuary_tomb_3

Skill      XL: |  1  2  3  4  5  6 |
---------------+-------------------+-----
Dodging        | 3 4 |  4.1
Evocations     | 1 2 |  2.5
Spellcasting   | 3 |  3.8
Short Blades   | 2 3 |  3.0
Hexes          | 4 |  4.6
Fighting       | 1 |  1.6
Stealth        | 5 |  5.5

Action                     |  1- 3 |  4- 6 || total
---------------------------+-------+-------++-------
  Melee: Dagger            |   120 |    54 ||   174
         Punch             |     2 |     1 ||     3
         Short sword       |       |    75 ||    75
   Cast: Ensorcelled Hiber |    19 |    30 ||    49
         Confusing Touch   |       |     8 ||     8
    Use: Scroll            |     3 |     9 ||    12
         Potion            |       |     5 ||     5
   Stab: Sleeping          |    21 |    26 ||    47
         Confused          |       |     5 ||     5
 Armour: Robe              |    39 |    41 ||    80
  Dodge: Dodged            |   111 |    91 ||   202
  Block: Other             |       |    27 ||    27
         Reflection        |       |     3 ||     3
